[Event "European Women-ch 2023"]
[Site "Petrovac"]
[Date "2023.03.23"]
[Round "6.9"]
[White "Javakhishvili, Lela"]
[Black "Mkrtchyan, Mariam"]
[Result "0-1"]
[ECO "E30"]
[WhiteElo "2443"]
[BlackElo "2343"]
[Annotator "TA"]
[PlyCount "172"]
[EventDate "2023.03.15"]
[EventType "swiss"]
[EventCountry "MNE"]
[SourceTitle "playchess.com"]
[Source "ChessBase"]
[SourceQuality "1"]
[TimeControl "40/5400+30:1800+30"]

1. d4 Nf6 2. c4 e6 3. Nc3 d5 4. Bg5 Bb4 5. e3 h6 6. Bh4 g5 7. Bg3 $1 Ne4 8. Nge2 h5 9. h4 g4 {[%emt 0:09:31] White is slightly better.} (9... dxc4 10. Be5 Rh7 11. Qc2 $16) 10. Be5 f6 11. Bf4 c6 12. a3 Be7 13. Nxe4 dxe4 14. Qc2 f5 15. Bg3 Nd7 16. O-O-O Nf8 {[%emt 0:03:29] [#]} 17. f3 $1 exf3 (17... gxf3 18. gxf3 exf3 19. Nf4) 18. gxf3 Bd6 19. Nf4 Kf7 $2 (19... Rh6 20. c5 Bc7) 20. c5 $18 Bb8 (20... Bxf4 $2 21. Bxf4 Ke8 22. Bg2) 21. Bc4 Qf6 22. Rhf1 Kg7 23. e4 Ng6 24. e5 Qe7 25. fxg4 hxg4 26. h5 $2 (26. Bxe6 $18 Bxe6 27. Nxe6+ Qxe6 28. Rxf5) 26... Nxf4 $16 27. Bxf4 (27. h6+ $142 $1 Kh7 28. Rxf4 (28. Bxf4 b6 $16)) 27... Bc7 (27... Rxh5 $2 28. Rh1 Qe8 29. Qg2 $18) 28. Rg1 Rg8 29. h6+ (29. Kb1 $16) 29... Kh7 (29... Kh8 $11) 30. Be2 $1 Kh8 {[%emt 0:04:22] [#]} ({Black should play} 30... Qh4 $14) 31. h7 $1 Rg7 32. Rh1 Bd7 33. Rh6 Re8 34. Rdh1 Bd8 35. Kb1 Qf7 {[%emt 0:01:33] Dodges Rf6} 36. Qd2 Rg6 {[%emt 0:01:05] Black is weak on the dark squares} 37. R6h5 Bc8 38. Bd3 Rf8 39. Qc3 Qd7 40. Bc4 Rf7 41. b4 a6 42. a4 (42. Bb3 $11) 42... Qe8 (42... b5 $15 43. axb5 cxb5) 43. b5 Rgg7 {[%emt 0:00:22] Really sharp!} (43... cxb5 $17 44. axb5 axb5) 44. Bh6 (44. bxa6 $11 bxa6 45. Kc2) 44... Rxh7 (44... cxb5 $15 45. Bxg7+ Rxg7 46. axb5 axb5) 45. bxa6 $11 bxa6 46. Ka2 Ra7 47. Qb2 Rac7 48. Qd2 Qg6 49. Qf4 Rcf7 50. R5h2 Be7 (50... g3 $2 51. Rg2 Qg4 52. Qxg3 Qxg3 53. Rxg3 $18) 51. Qg3 Bg5 52. Bf8 Rxh2+ $19 53. Rxh2+ Rh7 54. Rb2 Qe8 55. Bd6 Rb7 (55... Kg7 $19 {...Qh5 is the strong threat.} 56. Qg2 Kg6) 56. Rh2+ $1 $15 Rh7 (56... Kg8 $1 $15) 57. Rb2 $1 $19 Kg7 58. Rb8 $2 (58. Qg2) 58... Qd7 (58... Qh8 $142 59. Rb2 Rh1) 59. Bf1 Kg6 60. Bg2 Bd2 $2 ({Better is} 60... Qd8 $19 {[%cal Od8a5] Strongly threatening ...Qa5!} 61. Bxc6 Rh3) 61. Qf2 $2 (61. Be4 $1 $11) 61... Bg5 62. Qg3 {[%emt 0:00:38] Wards off Rh2} Rh8 (62... Qd8 $19 {[%cal Od8a5] And now ...Qa5! would win.} 63. Rb6 (63. Bxc6 Qa5 $19) 63... Bd7 64. Rxa6 Bh4) 63. Qb3 (63. Rb2 $17 {was called for.}) 63... Bf4 64. Qc4 Rh2 65. Rb2 Kg5 (65... Qd8 $19 66. Qd3 (66. Bxc6 Qh4 $17) 66... Qh4) 66. a5 Bg3 (66... Qd8 $19 {is more deadly.} 67. Qb4 Bc1) 67. Qa4 $2 {[%emt 0:00:08][%mdl 8192] [#]} (67. Qd3 $17 {keeps fighting.} Bf4 68. Qc3) 67... f4 $1 68. Bxc6 Rxb2+ 69. Kxb2 Qh7 70. Qc2 $2 (70. Qd1 Bb7 71. Ba4) 70... Qxc2+ 71. Kxc2 {[%emt 0:00:02][%mdl 4096] Endgame KBB-KBB} f3 72. Kd3 Kf4 73. Bf8 Be1 {[%emt 0:00:33] White must now prevent ...g3.} 74. Bh6+ Kg3 75. Ke3 Bxa5 76. Bf4+ Kg2 77. Be4 Be1 78. d5 Bf2+ 79. Kd3 exd5 80. Bxd5 Bxc5 {[%emt 0:00:04] Threatens to win with ...Kh3.} 81. Bg5 Kg3 (81... Kh3 $142 82. Be3 f2 {[%mdl 64] X-Ray Attack} 83. Bxf2 Bxf2) 82. Be3 Bf5+ {[%emt 0:00:20] Black mates.} 83. Kd2 Bxe3+ {[%emt 0:00:31][%mdl 64] Remove Defender} 84. Kxe3 f2 85. Bc4 Kg2 86. Kf4 Bc8 {[%emt 0:00:08] What a bad dream for White.   Weighted Error Value: White=0.30/Black=0.34} ({Weaker is} 86... f1=B 87. Bxf1+ Kxf1 88. Kxf5 $15) 0-1

[Event "European Women-ch 2023"]
[Site "Petrovac"]
[Date "2023.03.23"]
[Round "6.9"]
[White "Brunello, Marina"]
[Black "Kubicka, Anna"]
[Result "1/2-1/2"]
[ECO "B12"]
[WhiteElo "2346"]
[BlackElo "2211"]
[Annotator "TA"]
[PlyCount "98"]
[EventDate "2023.03.15"]
[EventType "swiss"]
[EventCountry "MNE"]
[SourceTitle "playchess.com"]
[Source "ChessBase"]
[SourceQuality "1"]
[TimeControl "40/5400+30:1800+30"]

1. e4 c6 2. d4 d5 3. e5 Bf5 4. h4 h5 5. Bd3 Bxd3 6. Qxd3 e6 7. Nf3 Qa5+ 8. Nbd2 Ne7 9. O-O Qa6 10. c4 Nd7 11. b3 Nf5 12. Re1 Be7 13. g3 Rd8 14. Bb2 dxc4 15. bxc4 b5 16. Qe4 bxc4 17. Rec1 O-O 18. Nxc4 c5 19. Ne3 Nxe3 20. Qxe3 Rb8 21. Bc3 Rfc8 22. dxc5 Bxc5 23. Bd4 Bxd4 (23... Ba3 $5 24. Rd1 Rc7 $11) 24. Qxd4 Nb6 25. Ng5 Rc4 26. Qd1 g6 (26... Rxc1 $2 27. Rxc1 g6 28. Rc7 Qxa2 29. Rxf7 $18 (29. Qf3 Qb1+ 30. Kg2 Qf5 $16)) 27. Qd6 {[%emt 0:00:44] [#] Hoping for Rxc4.} (27. Rxc4 {simplifies} Nxc4 28. Qd4 Qb5 29. Re1) 27... Rbc8 28. Rxc4 Qxc4 29. Rd1 {[%emt 0:00:17] aiming for Qe7.} Nd5 {[%emt 0:04:01] Repels Qe7} 30. Rb1 Qc7 (30... Qxa2 31. Rb8 Rxb8 32. Qxb8+ Kg7 33. Qb7 (33. Qe8 Qb1+ 34. Kg2 Qb7 $17) (33. Qe8 Qb1+ 34. Kh2 Qb7 $17)) 31. Qxc7 Rxc7 $11 {[%emt 0:00:01][%mdl 4096] Endgame KRN-KRN. The position is equal.} 32. Rb8+ Kg7 33. a4 Nb6 34. f4 Nxa4 35. Ne4 Nb6 36. Nd6 {[%emt 0:02:18] [#] Strongly threatening Ne8+.} Kh7 37. Nb5 Rc5 38. Nxa7 Nd5 39. Rb3 Rc2 40. Nb5 Kg7 41. Nd6 Rc3 42. Rxc3 Nxc3 {[%emt 0:00:06] KN-KN} 43. Kf2 Kf8 44. Ke3 Ke7 45. Kd3 Nd5 46. Ne4 Nb4+ 47. Kc4 Nc2 48. Kc5 Ne3 49. Kd4 Nf5+ {[%emt 0:00:10] Weighted Error Value: White=0.05 (flawless) /Black=0.05 (flawless)} 1/2-1/2

[Event "European Women-ch 2023"]
[Site "Petrovac"]
[Date "2023.03.23"]
[Round "6.9"]
[White "Hrescak, Ivana"]
[Black "Ismayil, Malak"]
[Result "1-0"]
[ECO "E04"]
[WhiteElo "2127"]
[BlackElo "2011"]
[Annotator "TA"]
[PlyCount "171"]
[EventDate "2023.03.15"]
[EventType "swiss"]
[EventCountry "MNE"]
[SourceTitle "playchess.com"]
[Source "ChessBase"]
[SourceQuality "1"]
[TimeControl "40/5400+30:1800+30"]

1. d4 Nf6 2. c4 e6 3. g3 d5 4. Bg2 dxc4 5. Nf3 Nc6 6. Qa4 Bb4+ 7. Bd2 Nd5 8. Bxb4 Ndxb4 9. O-O Rb8 10. Na3 {[%emt 0:27:20] E04: Open Catalan: 5 Nf3.} O-O 11. Qb5 $1 b6 12. Qxc4 {[%emt 0:01:12] White is slightly better.} Ba6 13. Nb5 Qd5 {[%emt 0:04:57] 13...Qe8 deserves study.} 14. Qxd5 exd5 (14... Nxd5 $11 {remains equal.} 15. a4 Bb7) 15. Nc3 $1 $16 Rfe8 16. Rfd1 Ne7 (16... Bxe2 $2 17. Nxe2 Rxe2 18. a3 $18) 17. a3 Nbc6 18. b4 {[%emt 0:03:32][%cal Bb2b4,Bb4b5,Bb5c6][%mdl 32] [#]} Bc8 $146 ({Predecessor:} 18... Bb7 19. Rdc1 Nf5 20. e3 Nce7 21. b5 Nd6 22. Ne5 Red8 23. Rc2 f6 24. Nd3 Ne4 {1-0 Huzman,A (2589)-Cornette,M (2521) Canadian op Montreal 2008 (4)}) 19. Rac1 Be6 ({Better is} 19... Rd8) 20. Ng5 Nd8 21. b5 {[%emt 0:05:31] White is much more active. The black rooks are badly placed.} Nb7 (21... Bg4 $142) 22. Na2 (22. Nxe6 $16 fxe6 23. e4) 22... Nd6 (22... Bd7 $1 $14) 23. a4 c6 24. bxc6 Rbc8 25. Nb4 (25. Nxe6 $16 fxe6 26. Nc3) 25... a5 $14 26. Nd3 $36 {[%emt 0:00:15][%mdl 2048] White is pushing.} Nxc6 27. Nf4 (27. Nxe6 {simplifies} fxe6 28. Nf4 Nb4 29. Rxc8 Nxc8 30. Rc1) 27... Bd7 (27... Nb4 $14) 28. Bxd5 $2 (28. Nxd5 $16 Nxd4 29. Rxc8 Nxe2+ 30. Kf1 Nxc8 31. Nc7 Bxa4 32. Rd2) 28... Nb4 29. Bb3 b5 30. axb5 {[%emt 0:00:57] Hoping for Rxc8.} Bxb5 (30... h6 $5 31. Nxf7 (31. Rxc8 Rxc8 32. Nxf7 Nxf7 $11) 31... Nxf7 $11) 31. Rc5 {[%emt 0:01:24][%cal Og5f7,Bc1c5,Bc5b5,Bb5b7][%mdl 32] aiming for Nxf7!} a4 $2 {[%emt 0:03:16][%mdl 8192] [#]} (31... Rb8 $1 $11) 32. Bxf7+ $2 Nxf7 $16 33. Rxb5 Nc2 $2 (33... Rb8 $16 34. Rxb8 Rxb8 35. Nxf7 Kxf7) 34. Nxf7 $18 Kxf7 35. Rb7+ Kf8 (35... Re7 $142 36. Rxe7+ Kxe7) 36. d5 Re7 37. Rb2 (37. Ne6+ Kf7 38. Rb6 Ra7 $18) 37... a3 38. Ra2 {[%emt 0:00:07] Threatens to win with d6.} Rb7 $2 (38... Ra7 39. Nd3 (39. Rc1 Ke7 $14) 39... Ke7 40. d6+ Kf6) 39. Nd3 Rb3 40. e4 (40. d6 $142) 40... Rcc3 41. Ne5 {[%emt 0:21:24] Black must now prevent d6.} Nb4 42. Rad2 ({White must play} 42. Raa1 $18) 42... a2 43. d6 {[%emt 0:01:12][%cal Bd5d6,Bd6d7][%mdl 32] d7 would kill now.} Rc8 $2 {[%emt 0:00:04][%mdl 8192] White stays focused until the end.} (43... Rd3 $1 $11 {and Black stays safe.} 44. Nxd3 (44. Rxd3 Nxd3 45. Nxd3 Rb1 $15) 44... Rb1) 44. d7 Rd8 {[%emt 0:00:08] [#] Strongly threatening ...Rb1.} 45. Rxa2 $3 {[%emt 0:02:25][%mdl 576] Deflection} Nxa2 46. Nc6 Rxd7 (46... Nc3 $2 47. Nxd8 Rb8 48. Nc6 Nxd1 49. e5 $18) 47. Rxd7 {[%emt 0:00:04][%mdl 4096] Endgame And now e5 would win. KRN-KRN} Rb1+ 48. Kg2 Re1 (48... Rb6 {was worth a try.} 49. Ne5 Rb2) 49. e5 h5 50. h4 Nc3 51. Rd3 Na4 52. Rf3+ Kg8 (52... Ke8 $142 53. Rf5 Kd7) 53. Rf5 {[%emt 0:00:17] Threatening mate with Ne7+.} g6 54. Ne7+ Kg7 55. Rg5 Nc5 56. Rxg6+ ({Weaker is} 56. Nxg6 Ne4 $18) 56... Kf7 57. Rc6 $1 Nd3 58. Ng6 {[%emt 0:01:08] Rf6+ is the strong threat.} Re2 $2 (58... Nxe5 59. Nxe5+ Rxe5) 59. Rf6+ Kg7 60. Nf4 Rxf2+ 61. Kg1 Rd2 62. Nxh5+ Kh7 63. e6 Re2 64. Kf1 Re1+ 65. Kg2 Nc5 66. Nf4 (66. Rf7+ $142 Kh6 67. Nf4 Nxe6 68. Rf6+ Kg7 69. Rxe6 Rd1 70. g4 Rc1 71. g5) 66... Re3 67. g4 Ne4 68. Rf7+ {[%emt 0:00:20] White mates.} Kg8 69. Nh5 Re2+ 70. Kf3 Re1 71. Kf4 Re2 72. Nf6+ Nxf6 73. Rxf6 {[%emt 0:00:02] KR-KR} Kg7 74. Rf7+ Kg6 75. h5+ Kh6 76. Rf6+ Kg7 77. g5 Rf2+ 78. Ke5 Re2+ 79. Kd6 Rd2+ 80. Ke7 Rd5 81. Rg6+ Kh7 82. Kf6 Rd6 83. Rg7+ Kh8 84. Rd7 Ra6 85. Rd8+ Kh7 86. g6+ {[%emt 0:00:13] Weighted Error Value: White=0.40/Black=0.44} 1-0

[Event "European Women-ch 2023"]
[Site "Petrovac"]
[Date "2023.03.23"]
[Round "6.10"]
[White "Garcia Martin, Marta"]
[Black "Arabidze, Meri"]
[Result "0-1"]
[ECO "B22"]
[WhiteElo "2306"]
[BlackElo "2433"]
[Annotator "TA"]
[PlyCount "60"]
[EventDate "2023.03.15"]
[EventType "swiss"]
[EventCountry "MNE"]
[SourceTitle "playchess.com"]
[Source "ChessBase"]
[SourceQuality "1"]
[TimeControl "40/5400+30:1800+30"]

1. e4 c5 2. Nf3 e6 3. c3 Nf6 4. e5 Nd5 5. d4 cxd4 6. cxd4 d6 7. Bc4 Nb6 8. Bd3 Nc6 9. exd6 Bxd6 10. O-O Nb4 11. Be4 {The position is equal.} N4d5 12. Nc3 O-O 13. a4 a5 14. Ne5 Bd7 15. Qd3 f5 (15... g6 $1 $11 {is more appropriate.}) 16. Bxd5 $14 Nxd5 17. Nxd5 exd5 18. Bf4 Ra6 19. Rfe1 Bb4 20. Bd2 {[%emt 0:02:37] Strongly threatening Bxb4.} Rb6 21. Bxb4 Rxb4 22. b3 f4 23. Rac1 Bf5 24. Qd2 Rxb3 25. Qxf4 Rb4 (25... Bd7 $5 26. Qd2 $8 Bxa4 $15) 26. Rc5 Rxa4 27. Rec1 {[%emt 0:00:06] [#]} (27. Qd2 $11 {keeps the balance.}) 27... Rb4 ({Better is} 27... Ra3 $1 $17) 28. Qd2 $11 h6 29. Qa2 $2 (29. h3 $11) 29... Rxd4 {[%emt 0:02:05] ...Qd6 is the strong threat.} 30. Rxa5 $2 {[%emt 0:00:03] [#]} (30. Nf3 Rf4 31. Rxd5) 30... Qc7 $3 {[%emt 0:02:15][%mdl 576] Double Attack. An entertaining game by Arabidze.   Weighted Error Value: White=0.52/Black=0.13 (very precise)} 0-1

[Event "European Women-ch 2023"]
[Site "Petrovac"]
[Date "2023.03.23"]
[Round "6.10"]
[White "Lehaci, Miruna-Daria"]
[Black "Savina, Anastasia"]
[Result "0-1"]
[ECO "C57"]
[WhiteElo "2202"]
[BlackElo "2345"]
[Annotator "TA"]
[PlyCount "48"]
[EventDate "2023.03.15"]
[EventType "swiss"]
[EventCountry "MNE"]
[SourceTitle "playchess.com"]
[Source "ChessBase"]
[SourceQuality "1"]
[TimeControl "40/5400+30:1800+30"]

1. e4 e5 2. Nf3 Nc6 3. Bc4 Nf6 4. Ng5 d5 5. exd5 b5 6. Bf1 Nxd5 7. Bxb5 Bb7 8. Qf3 Qd7 9. Nc3 {[%emt 0:06:06] White is slightly better.} Ndb4 10. Ba4 h6 11. Nge4 {[%emt 0:00:37] Strongly threatening a3.} O-O-O $1 12. O-O (12. d3 $14) 12... f5 $11 {[%emt 0:09:37][%mdl 1024] Black has compensation.} 13. Ng3 f4 14. Nge4 ({Better is} 14. Nge2 $11) 14... Qf5 $1 $15 {[%emt 0:06:20] aiming for ...Nd4.} 15. Ne2 {[%emt 0:12:05] [#]} (15. Qd1 $1 $11) 15... g5 $1 $17 {[%emt 0:14:04][%cal Bg7g5,Bg5g4,Bg4f3][%mdl 32] Threatens to win with ...g4. Black is more active.} 16. N4g3 {[%emt 0:11:21] [#]} (16. g4 $17 Nd4 17. Nxd4 Qxe4 18. Qxe4 Bxe4 19. Ne6) 16... Qe6 $1 $19 17. Ne4 g4 18. Qb3 Qg6 19. a3 $2 (19. Bxc6 Nxc6 20. d3) 19... Na5 20. Nxf4 exf4 ({And not} 20... Qxe4 21. Qe6+ Kb8 22. axb4 Qxf4 23. d3 Qxb4 24. Qxe5 $17) 21. Qc3 Qxe4 22. f3 gxf3 {[%emt 0:00:29] ( -> ...Rg8)} 23. Qxh8 Bc5+ {[%emt 0:00:12][%mdl 64] Discovered Attack} 24. d4 Bxd4+ {[%emt 0:00:35] White got outplayed after the opening. Excellently played by Savina!   Weighted Error Value: White=1.35/Black=0.00 (flawless)} 0-1

[Event "European Women-ch 2023"]
[Site "Petrovac"]
[Date "2023.03.23"]
[Round "6.10"]
[White "Makka, Ioulia"]
[Black "Allahverdiyeva, Ayan"]
[Result "1-0"]
[ECO "B23"]
[WhiteElo "1949"]
[BlackElo "2124"]
[Annotator "TA"]
[PlyCount "71"]
[EventDate "2023.03.15"]
[EventType "swiss"]
[EventCountry "MNE"]
[SourceTitle "playchess.com"]
[Source "ChessBase"]
[SourceQuality "1"]
[TimeControl "40/5400+30:1800+30"]

1. e4 c5 2. Nc3 d6 3. d4 cxd4 4. Qxd4 Nc6 5. Qd2 g6 6. b3 Bh6 7. f4 Nf6 8. Nf3 (8. Bb2 $11) 8... e5 9. g3 O-O {[%emt 0:05:17] And now ...exf4 would win.} 10. Bb2 $1 exf4 (10... Bg4 $5 11. Bg2 Re8 $11) 11. O-O-O $1 Bg4 12. Bg2 Ne5 13. Rdf1 Re8 14. gxf4 Nxf3 15. Bxf3 Bxf3 16. Rxf3 Nxe4 17. Qd3 Nc5 18. Qc4 (18. Qd1 $11 {keeps the balance.}) 18... Qh4 (18... Bg7 $17 19. f5 Ne4 {[%mdl 64] Decoy} 20. Nxe4 d5 21. Nf6+ Qxf6 22. Bxf6 dxc4 23. Bxg7 Kxg7) 19. Rd1 $11 {[%emt 0:03:38] Black must now prevent Nd5.} Bg7 (19... Qxh2 $2 20. Nd5 Ne6 21. Nf6+ Kf8 22. Nxh7+ Kg8 23. Nf6+ Kf8 24. Qd3 $18) 20. Rxd6 $2 (20. Nd5 $11 Bxb2+ 21. Kxb2) 20... Qe1+ $2 (20... Qxh2 21. Qf1 $17) (20... Rac8 $19 {[%cal Oc5e4] and Black stays clearly on top. ...Ne4! would be deadly.} 21. Nd1 Qxh2) 21. Nd1 (21. Rd1 $142 Rad8 22. Rf1 Rxd1+ 23. Nxd1 Bxb2+ 24. Kxb2) 21... Bxb2+ (21... Rac8 $1 $17 22. Bc3 (22. Bxg7 $2 Ne4 $19) 22... Bxc3 23. Rxc3 Qh4) 22. Kxb2 Rac8 (22... Qe4 {simplifies} 23. Qxe4 Nxe4 24. Rd7 Nc5) 23. Qd4 Qe2 (23... Qe4 $11 {remains equal.} 24. Qxe4 Nxe4) 24. Re3 $1 $16 Rxe3 25. Nxe3 {[%emt 0:00:44][%cal Bd1e3,Be3c4,Bc4d6][%mdl 32] Hoping for Rd8+.} Ne6 {[%emt 0:00:10] [#] Repels Rd8+} (25... b6 $142) 26. Qxa7 (26. Qe5 $1 $16 {Threatens to win with Rxe6.} Nf8 27. Qe4) 26... Nc5 $11 ({But not} 26... Qe1 27. Qxb7 Qc3+ 28. Kb1 $16) 27. Nc4 Qxh2 28. Rd5 {[%emt 0:01:06] [#]} (28. Nb6 $11 Nd3+ {[%mdl 64] Decoy} 29. Rxd3 Qxc2+ 30. Ka3 Qc1+ 31. Ka4 Qc6+ 32. Ka3 (32. Ka5 Qc5+ 33. Ka4 Rc6 $11) 32... Qc1+ 33. Ka4 Qc6+ 34. Ka3 (34. Ka5 Qc5+ 35. Ka4 Rc6 $11) 34... Qc1+) 28... Qxf4 $2 29. Nd6 $18 Qf6+ 30. Ka3 Qd8 (30... Ne4 31. Nxc8 Nc3) 31. Nxc8 (31. Rxc5 $2 {loses.} Ra8 $19) 31... Qxc8 32. Rxc5 Qd7 33. Qb8+ Kg7 34. Qe5+ Kh6 35. Rc4 f5 36. Qf6 {[%emt 0:00:29] What a bad dream for Black.   Weighted Error Value: White=0.38/Black=0.70} 1-0

[Event "European Women-ch 2023"]
[Site "Petrovac"]
[Date "2023.03.23"]
[Round "6.11"]
[White "Badelka, Olga"]
[Black "Vega Gutierrez, Sabrina"]
[Result "0-1"]
[ECO "B45"]
[WhiteElo "2428"]
[BlackElo "2361"]
[Annotator "TA"]
[PlyCount "162"]
[EventDate "2023.03.15"]
[EventType "swiss"]
[EventCountry "MNE"]
[SourceTitle "playchess.com"]
[Source "ChessBase"]
[SourceQuality "1"]
[TimeControl "40/5400+30:1800+30"]

1. e4 c5 2. Nf3 e6 3. d4 cxd4 4. Nxd4 Nf6 5. Nc3 Nc6 6. Nxc6 bxc6 7. e5 Nd5 8. Ne4 Qc7 9. f4 Qb6 10. c4 Ne3 11. Qd3 Bb4+ 12. Bd2 Ba6 13. Bxb4 Qxb4+ 14. Kf2 $1 {[%emt 0:00:30] White is slightly better.} Qxb2+ 15. Be2 Nxc4 16. Rab1 Nxe5 $1 17. fxe5 (17. Rxb2 $2 Nxd3+ 18. Bxd3 Bxd3 $19) 17... Qxe5 18. Qxa6 Qxe4 19. Rhd1 O-O 20. Rb3 d5 21. Qxc6 Rac8 22. Qa6 Rc2 23. h3 g6 24. a3 Rfc8 25. Re3 Qf4+ 26. Rf3 Qe5 27. Re3 Qc7 28. Qd3 Qa5 29. Qd4 R8c4 30. Qf6 Qb6 31. Kf3 Rc8 ({But not} 31... Re4 32. Rxe4 dxe4+ 33. Kg4 $16) 32. Rdd3 Qd6 33. Qf4 Qc6 {[%emt 0:01:10] And now ...d4+ would win.} 34. Kg3 Rb2 (34... Rc4 {simplifies} 35. Qe5 Qc7 36. Qxc7 R8xc7 37. Kf3 Kg7) 35. Bf3 (35. Rb3 {simplifies} Rxb3 36. Rxb3 Qc7 37. Qxc7 Rxc7 38. Kf2) 35... Qc2 36. Kh2 Rb1 37. Qf6 {[%emt 0:00:59] Rc3 is the strong threat.} (37. h4 {with more complications.} Rc4 38. Rd4 Rxd4 39. Qxd4 Qc7+ 40. g3) 37... Qc7+ (37... Qf2 $2 38. Rxe6 Rf1 39. h4 (39. Re7 Qg1+ 40. Kg3 Qf2+ 41. Kh2 Qg1+ 42. Kg3 Qf2+ 43. Kh2 $11) 39... fxe6 40. Qxe6+ Kg7 41. Qd7+ Kf6 42. Qxc8 $18) 38. Qe5 $1 Qxe5+ 39. Rxe5 h5 40. Kg3 Rc4 41. Kf2 Kg7 42. Re1 Rxe1 43. Kxe1 $11 {[%emt 0:00:04][%mdl 4096] Endgame KRB-KR} f5 44. Kd2 d4 45. Rb3 Ra4 {[%emt 0:00:49][%mdl 1024] Black has compensation.} 46. Bc6 Ra6 47. Bb5 Rb6 48. a4 e5 49. a5 $1 Rb8 50. Kd3 Kf6 51. a6 (51. Ba4 $11 Rc8 52. a6) 51... h4 (51... Rd8 $15) 52. Kc4 Rd8 53. Rd3 Ke6 (53... Rc8+ $1 $15 54. Kd5 Rc2) 54. Bc6 (54. Kc5 $1 $11 {remains equal.}) 54... Kd6 $1 $17 ({Much worse is} 54... Rc8 $6 55. Kc5 $11) 55. Bb7 Rd7 56. Ra3 $2 (56. Rd1 $17 {might work better.}) 56... Rc7+ $19 57. Kd3 Rc5 58. Rb3 {[%emt 0:00:52] [#]} Ra5 (58... Ke6 $1 $19 {is more deadly.} 59. Ra3 Kf7) 59. Bc8 $2 (59. Kc4 $17) 59... Kc7 $2 (59... Kd5 $19 {Strongly threatening ...e4+.} 60. Bb7+ Kc5) 60. Bb7 $17 {[%emt 0:00:03] [#]} Kd6 $2 (60... Ra4 $1 $17 61. Rb5 e4+ 62. Bxe4 fxe4+ 63. Kxe4 Rxa6 64. Kxd4 Ra3) 61. Bc8 $1 $19 Kc7 $2 (61... Kd5 $19 {has better winning chances. Hoping for ...e4+.} 62. Bb7+ Kc5) 62. Bb7 $17 Ra4 63. Bf3 $2 (63. Rb5 $17 e4+ 64. Bxe4 fxe4+ 65. Kxe4) 63... Rxa6 {[%emt 0:00:39] ...Kd6 would be deadly.} 64. Rb7+ $2 (64. Bd5 {is tougher.}) 64... Kd6 $19 65. Rg7 Kc5 $2 ({Better is} 65... Ra3+ $19 66. Kc2 e4 67. Rxg6+ Ke5) 66. Rc7+ $11 Kd6 $2 (66... Kb5 $11 67. Bd5 Ra3+ 68. Ke2 a5) 67. Rg7 $1 $19 {[%emt 0:00:01] White is now going downhill.} Ra3+ 68. Kc4 Rc3+ 69. Kb4 e4 70. Rxg6+ Ke5 71. Bh5 Rc2 72. Bd1 Rc1 73. Bb3 d3 74. Re6+ Kf4 75. Rd6 Ke3 (75... e3 $142 76. Rd4+ Kg5) 76. Ka3 d2 77. Kb2 Ke2 78. Rf6 Rc5 {[%emt 0:00:28] ( -> ...Rb5)} 79. Rh6 Rb5 {[%emt 0:00:11] Black mates.} 80. Rd6 e3 81. Kc2 {[%emt 0:00:08] [#]} Rxb3 $1 {[%emt 0:00:10][%mdl 576] Promotion.   Weighted Error Value: White=0.22 (precise) /Black=0.18 (very precise)} 0-1

[Event "European Women-ch 2023"]
[Site "Petrovac"]
[Date "2023.03.23"]
[Round "6.11"]
[White "Jarocka, Liwia"]
[Black "Heinemann, Josefine"]
[Result "1-0"]
[ECO "B22"]
[WhiteElo "2181"]
[BlackElo "2343"]
[Annotator "TA"]
[PlyCount "130"]
[EventDate "2023.03.15"]
[EventType "swiss"]
[EventCountry "MNE"]
[SourceTitle "playchess.com"]
[Source "ChessBase"]
[SourceQuality "1"]
[TimeControl "40/5400+30:1800+30"]

1. e4 c5 2. c3 Nf6 3. e5 Nd5 4. Nf3 d6 5. exd6 e6 6. g3 Bxd6 7. d4 O-O 8. Bg2 Nc6 9. O-O cxd4 10. Nxd4 Bd7 11. Nb5 Bc5 12. c4 (12. Bxd5 exd5 13. N1a3 (13. Qxd5 Bh3 $19 {[%mdl 64] Discovered Attack}) 13... Bh3 $17) 12... Nf6 {[%emt 0:04:02] The position is equal.} 13. N1c3 a6 14. Nd6 Qc7 15. Nde4 Nxe4 16. Nxe4 Bd4 17. Rb1 Rad8 18. b3 f5 (18... Bc8 {feels hotter.} 19. Qh5 f5 20. Ng5 h6) 19. Ng5 Bc8 20. Qe2 Rfe8 21. Bf4 ({Of course not} 21. Qh5 g6 22. Qh6 Qg7 23. Qxg7+ Kxg7 $15) 21... Qe7 22. h4 ({Reject} 22. Qh5 g6 23. Qh6 Nb4 $15) (22. Rbd1 $11) 22... Bf6 (22... e5 $5 23. Bd2 e4 $15) 23. Rfe1 Nd4 (23... h6 {simplifies} 24. Bxc6 bxc6 25. Nf3 Bb7) 24. Qh5 h6 {[%emt 0:03:32] [#]} (24... g6 $5 25. Qh6 Nc2 $11) 25. Qg6 $1 {[%emt 0:02:24] Threatening mate with Qh7+.} hxg5 26. hxg5 Qf7 27. Qxf7+ Kxf7 28. gxf6 gxf6 29. Be3 (29. Bc7 $14 Rd7 30. Bb6) 29... Nc2 $11 30. Re2 Nxe3 31. Rxe3 Rd2 32. a4 Red8 33. Bf3 Ke7 34. Kf1 R8d4 35. Ke1 a5 36. b4 e5 37. bxa5 e4 38. Be2 Ra2 39. Rd1 Rxd1+ 40. Bxd1 {[%emt 0:00:00][%mdl 4096] Endgame KRB-KRB} Kd6 41. Rb3 Ke5 42. Rb6 {[%emt 0:04:22] [#] Hoping for c5.} Bd7 ({Black should play} 42... Kd4 $14) 43. Rxb7 Bxa4 44. Bxa4 Rxa4 $16 {[%emt 0:00:04] KR-KR} 45. Rb5+ Kd4 $2 {[%emt 0:00:56][%mdl 8192] A mistake that costs the game.} (45... Ke6 $16 {is tougher.}) 46. Rxf5 $18 Kxc4 $2 (46... Ra1+ {was necessary.} 47. Ke2 Ra2+ 48. Kf1 Kxc4) 47. Rxf6 {[%emt 0:02:25] Rd6 would be deadly.} Rxa5 $2 (47... Kd4 48. a6 Ra5) 48. Rd6 Ra2 49. Rd2 Ra3 50. Ke2 {[%emt 0:00:10] Rd8 is the strong threat.} Rb3 51. Rd7 (51. Rd8 $142 Rf3 52. Rd2) 51... Ra3 52. g4 Kc5 53. g5 Kc6 54. Rd1 {[%emt 0:00:48] White mates.} Ra7 55. Ke3 Rg7 56. Kf4 Rg8 57. Kf5 Rf8+ 58. Kxe4 Rxf2 59. g6 Rg2 60. Kf5 Rf2+ 61. Ke6 Rg2 62. Kf7 Rf2+ 63. Kg8 Rg2 64. g7 Rg3 65. Rh1 Kd5 {[%emt 0:00:14] Weighted Error Value: White=0.06 (flawless) /Black=0.30} 1-0